 Dungeon Crawl Stone Soup version 0.30-a0-748-ge6a52f7cba (webtiles) character file.

Game seed: 17541433670736243313

63 Esekla the Sneak (level 4, 31/31 HPs)
             Began as an Octopode Delver on Feb 8, 2023.
             Quit the game on level 5 of the Dungeon.
             The game lasted 00:03:11 (371 turns).

Esekla the Sneak (Octopode Delver)                   Turns: 371, Time: 00:03:11

Health: 31/31      AC:  1    Str: 11    XL:     4   Next: 9%
Magic:  5/5        EV: 13    Int: 14    God:
Gold:   0          SH:  0    Dex: 13    Spells: 5/5 levels left

rFire   . . .      SeeInvis .    a - +0 falchion
rCold   . . .      Faith    .    (no shield)
rNeg    . . .      Spirit   .    (helmet restricted)
rPois   .          Reflect  .    (no amulet)
rElec   .          Harm     .    (no ring)
rCorr   .          Rampage  .    (no ring)
Will    .....                    (no ring)
Stlth   +++++                    (no ring)
HPRegen 0.25/turn                (no ring)
MPRegen 0.09/turn                (no ring)
                                 (no ring)
                                 (no ring)

@: no status effects
A: almost no armour, amphibious, 8 rings, camouflage 1, gelatinous body 1,
(nimble swimmer 1), tentacles
a: no special abilities


You were on level 5 of the Dungeon.
You visited 2 branches of the dungeon, and saw 2 of its levels.

Inventory:

Hand Weapons
 a - a +0 falchion (weapon)
 c - a +0 dagger
Wands
 f - a wand of digging (3)
Scrolls
 b - a scroll of fog
 d - 2 scrolls of identify {unknown}
Potions
 e - a potion of haste


   Skills:
 * Level 3.4 Fighting
 * Level 2.3 Long Blades
 * Level 2.3 Dodging
 + Level 7.5 Stealth
 * Level 1.0 Spellcasting


You had 5 spell levels left.
You didn't know any spells.
Your spell library was empty.

Dungeon Overview and Level Annotations

Branches:
Dungeon (5/15)             Temple (1/1) D:5

Altars:
Ashenzari
Elyvilon
Fedhas
Hepliaklqana
Makhleb
Nemelex Xobeh
Qazlal
Ru
Sif Muna
Trog
Uskayaw
Vehumet
Wu Jian
Xom
Yredelemnul
Zin
The Shining One

Annotations:
D:5 Dowan


Innate Abilities, Weirdness & Mutations

You cannot wear most types of armour.
You are amphibious.
You can wear up to eight rings at the same time.
Your skin changes colour to match your surroundings (Stealth+).
Your rubbery body absorbs attacks. (AC +1, EV +1)
((You are camouflaged when in or above water. (Stealth+)))
You have tentacles for arms and can constrict up to eight enemies at once.


Message History

You closely miss the hound.
The adder hisses angrily.
Your grab misses the hound.
The hound is severely wounded.
The hound bites you. The hound closely misses you.
You barely miss the hound. You grab the hound.
The hound is severely wounded.
You constrict the hound, but do no damage.
The hound barely misses you.
You hit the hound.
The hound is almost dead.
You constrict the hound, but do no damage.
The hound bites you but does no damage. The hound bites you.
You slash the hound!
You kill the hound!
The adder barely misses you.
You closely miss the adder. Your grab misses the adder.
You tentacle-slap the adder.
The adder is moderately wounded.
The adder misses you.
You hit the adder. You grab the adder.
The adder is moderately wounded.
You constrict the adder. The adder closely misses you. x2
You hit the adder.
The adder is severely wounded.
You constrict the adder.
You kill the adder!
Your Spellcasting skill increases to level 1!
You have reached level 4!
You start resting.
HP restored.
Things that are here:
an adder corpse; a hound corpse
Found a glowing bronze wand and 11 gold pieces.
A necrophage comes into view.
Found a stone staircase leading down.
Found a shimmering blue altar of Sif Muna.
A howler monkey comes into view.
Dowan, Brother of Duvessa comes into view.
He is wielding a +0 dagger.
Are you sure you want to abandon this character and quit the game? (Confirm with "yes".)

...................#.....#.......
.###._.######.....#...#...#......
..###### #........###........[
..# #2# #.......#,#.#........ ###
### ##.......,.#..........
#***#**#####.....###..#.........#
,,,,..##...#.#..###........#.####
***,....§....#......##.....#.#
***,≈≈≈≈≈..##...@#**##...(.#.#
,,*,°≈≈≈≈..#....## #.....##.#
,,,,≈§_☼≈....#..# #..##.##.###
,,,,≈≈○≈≈......######..........#
,,,,≈≈.≈≈.##...##.......##.....#
,,,,.e...,#....##.#*##..##.....#
,,,,##..,*#.>#....###....#.....#
,,,,...***#..............†.....#
,,,,..,**#..h###.##......#...>.#


There were no monsters in sight!

Vanquished Creatures
  A hound (D:5)
  An orc wizard (D:5)
  An adder (D:5)
3 creatures vanquished.

Notes
Turn   | Place    | Note
-------+----------+-------------------------------------------
     0 | D:5      | Esekla the Octopode Delver began the quest for the Orb.
     0 | D:5      | Reached XP level 1. HP: 16/16 MP: 1/1
     0 | D:5      | Found a burning altar of Makhleb.
     1 | D:5      | Noticed a balrug
     5 | D:5      | Found a glowing silver altar of Zin.
     6 | D:5      | Noticed an angel
     6 | D:5      | Noticed an orc wizard
   184 | D:5      | Found a staircase to the Ecumenical Temple.
   192 | D:5      | Killed an orc wizard
   193 | D:5      | Reached skill level 7 in Stealth
   193 | D:5      | Reached XP level 2. HP: 16/21 MP: 2/2
   193 | D:5      | Reached XP level 3. HP: 20/26 MP: 3/3
   202 | Temple   | Entered the Ecumenical Temple
   332 | D:5      | Reached skill level 1 in Spellcasting
   332 | D:5      | Reached XP level 4. HP: 26/31 MP: 3/5
   357 | D:5      | Noticed a necrophage
   364 | D:5      | Found a shimmering blue altar of Sif Muna.
   365 | D:5      | Noticed Dowan
   371 | D:5      | Quit the game

Illustrated notes

Levels and vault maps discovered:
D:5:      layout_rooms, grunt_temple_overflow_order_and_chaos_2,
          nicolae_sif_muna_condensation, minmay_temple_entry_arrows,
          kennysheep_generic_room_11, uniq_duvessa
Temple:   nicolae_temple_great_sept

Skill      XL: |  1  2  3 |
---------------+----------+-----
Stealth        | 7 |  7.5
Spellcasting   | 1 |  1.0
Fighting       | |  3.4
Long Blades    | |  2.3
Dodging        | |  2.3

Action                     |  1- 3 |  4- 6 || total
---------------------------+-------+-------++-------
  Melee: Falchion          |    12 |       ||    12
         Constrict         |     3 |       ||     3
         Tentacles         |     2 |       ||     2
         Punch             |     1 |       ||     1
    Use: Scroll            |     2 |       ||     2
 Armour: Skin              |     1 |       ||     1
  Dodge: Dodged            |    10 |       ||    10

Table legend: (Time is in decaauts)
 A = Elapsed time spent in this place.
 B = Non-inter-level travel time spent in this place.
 C = Inter-level travel time spent in this place.
 D = Time resting spent in this place.
 E = Time spent auto-exploring this place.
 F = Levels seen in this place.
 G = Mean time per level.
                   A        B        C        D        E       F      G
               +--------+--------+--------+--------+--------+-----+--------+
         Total |    372 |    358 |     14 |    130 |     77 |   2 |  186.0 |
       Dungeon |    271 |    270 |      1 |    130 |      0 |   1 |  271.0 |
        Temple |    100 |     87 |     13 |      0 |     77 |   1 |  100.0 |
               +--------+--------+--------+--------+--------+-----+--------+

Top non-repeatable levels by time:
     D:5: 271 daAuts
  Temple: 100 daAuts
